 Dungeon Crawl Stone Soup version 0.24-a0-264-gf46a388040 (webtiles) character file.

Game seed: 11408400109514608245

86 Flugkiller the Cudgeler (level 4, 0/37 HPs)
             Began as a Human Chaos Knight on Apr 20, 2019.
             Was a Plaything of Xom.
             Succumbed to an adder's poison
             ... on level 2 of the Dungeon.
             The game lasted 00:09:21 (2028 turns).

Flugkiller the Cudgeler (Human Chaos Knight)        Turns: 2028, Time: 00:09:24

Health: 0/37       AC:  5    Str: 14    XL:     4   Next: 78%
Magic:  4/4        EV: 10    Int: 12    God:    Xom [......]
Gold:   61         SH:  0    Dex: 12    Spells: 3/3 levels left

rFire    . . .     SeeInvis .   h - scroll of identify {unknown}
rCold    . . .     Gourm    .   (no shield)
rNeg     . . .     Faith    .   k - +0 ring mail
rPois    .         Spirit   .   (no helmet)
rElec    .         Reflect  .   (no cloak)
rCorr    .         Harm     .   (no gloves)
MR       .....                  (no boots)
Stlth    +.........             (no amulet)
HPRegen  0.12/turn              (no ring)
MPRegen  0.09/turn              (no ring)

@: lethally poisoned (0 -> -4), flying, hasted, drained, very quick
A: blurry vision 1
a: Renounce Religion


You were on level 2 of the Dungeon.
You worshipped Xom.
You were a very special plaything of Xom.
You were near starving.

You visited 1 branch of the dungeon, and saw 3 of its levels.

You collected 61 gold pieces.

Inventory:

Hand Weapons
 a - a +1 mace of chaos
 l - a +0 war axe
   (You found it on level 2 of the Dungeon)
Missiles
 i - 2 javelins (quivered)
Armour
 b - a +2 leather armour
 k - a +0 ring mail (worn)
   (You found it on level 2 of the Dungeon)
Scrolls
 h - a scroll of identify (in hand) {unknown}
Potions
 e - a potion of magic
 g - a potion of flight
Comestibles
 c - 5 rations
 f - 2 chunks of flesh


   Skills:
 + Level 3.7(2.8) Fighting
 * Level 4.6(3.6) Maces & Flails
 - Level 2.0(1.1) Armour
 - Level 1.0(0.1) Dodging


You had 3 spell levels left.
You didn't know any spells.
Your spell library was empty.

Dungeon Overview and Level Annotations

Branches:
Dungeon (3/15)

Altars:


Innate Abilities, Weirdness & Mutations

Scrolls take you a little longer to read.


Message History

* * * LOW HITPOINT WARNING * * *
You feel sick. The ball python bites you.
* * * LOW HITPOINT WARNING * * *
The ball python grabs you.
* * * LOW HITPOINT WARNING * * *
The ball python constricts you.
You closely miss the ball python. The ball python bites you.
* * * LOW HITPOINT WARNING * * *
The ball python constricts you.
You escape the ball python's grasp.
* * * LOW HITPOINT WARNING * * *
You feel sick.
Unknown command.
* * * LOW HITPOINT WARNING * * *
You feel sick.
There is a stone staircase leading up here.
Unknown command.
You fly upwards.
* * * LOW HITPOINT WARNING * * *
You feel sick.
There is a stone staircase leading down here.
Wield which item (- for none, * to show all)? (? for menu, Esc to quit)
Okay, then.
You begin reading the scroll.
You continue reading the scroll.
As you read the scroll labeled CIKEUD ARHUUCH, it crumbles to dust.
It is a scroll of enchant weapon.
Your +0 mace of chaos glows red for a moment.
Unknown command.
You begin reading the scroll.
You continue reading the scroll.
* * * LOW HITPOINT WARNING * * *
You feel sick.
As you read the scroll labeled QUX DEYNUPN, it crumbles to dust.
You hear a loud clanging noise!
It was a scroll of noise.
You begin reading the scroll.
You continue reading the scroll.
As you read the scroll labeled WYECEGUWKA, it crumbles to dust.
You assume a fearsome visage.
Nothing appears to happen.
It was a scroll of fear.
Unknown command.
Wield which item (- for none, * to show all)? (? for menu, Esc to quit)
Okay, then.
Wield which item (- for none, * to show all)? (? for menu, Esc to quit)
h - a scroll labeled XURAR SIDUGANK (in hand)
* * * LOW HITPOINT WARNING * * *
You feel sick.
You swing at nothing.
You swing at nothing.
You swing at nothing.
You die...
Xom bursts into laughter!

.....########### #####
..>............############ #....
.....#########............# #....
......# ################.####....
......###........................
......#...###########............
".###...#########...........#....
..# ##..####......#.........#....
..###...........@...##......#....
.......#....................##..#
.....#####.........###.......#...
..#...##....#......##......#.....
..............................#..
....(........................##..
.####.(....#.........<....##.##..
.###...#####..............##.##..
......#.......###.........##.##..


There were no monsters in sight!

Vanquished Creatures
  2 adders (D:3)
  A worm (D:2)
  2 leopard geckos (D:2)
  A giant cockroach (D:1)
  9 goblins
  8 hobgoblins
  8 jackals
  6 kobolds
  A quokka (D:2)
  2 ball pythons (D:1)
  7 bats
  2 frilled lizards (D:1)
  8 rats
57 creatures vanquished.

Notes
Turn   | Place    | Note
-------+----------+-------------------------------------------
     0 | D:1      | Flugkiller the Human Chaos Knight began the quest for the
                  | Orb.
     0 | D:1      | Reached XP level 1. HP: 18/18 MP: 1/1
   147 | D:1      | Reached XP level 2. HP: 24/24 MP: 2/2
   166 | D:1      | XOM: potion effect (invisibility)
   259 | D:1      | Reached XP level 3. HP: 29/29 MP: 3/3
   676 | D:1      | XOM: silly message
   898 | D:1      | XOM: potion effect (haste)
   902 | D:1      | Reached skill level 4 in Maces & Flails
  1069 | D:2      | XOM: blink monster(s)
  1071 | D:2      | Reached XP level 4. HP: 32/35 MP: 4/4
  1131 | D:2      | XOM: noise
  1268 | D:2      | XOM: draining
  1630 | D:2      | XOM: medium Tmut miscast
  1700 | D:2      | Gained mutation: Scrolls take you a little longer to read.
                  | [mutagenic glow]
  1829 | D:2      | XOM: harmless Fire miscast
  2022 | D:2      | HP: 1/37 [poisoned by an adder]
  2028 | D:2      | Succumbed to an adder's poison

Levels and vault maps discovered:
D:1:      dpeg_arrival_castle, layout_loops_ring
D:2:      layout_rooms, first_ration
D:3:      layout_loops_ring

Skill      XL: |  1  2  3 |
---------------+----------+-----
Maces & Flails | 4 |  4.6
Fighting       | |  3.7
Armour         | |  2.0
Dodging        | |  1.0

Action                   |  1- 3 |  4- 6 || total
-------------------------+-------+-------++-------
Melee: Mace              |   109 |    58 ||   167
       War axe           |       |     5 ||     5
  Use: Scroll            |       |     5 ||     5
       Potion            |       |     3 ||     3
 Stab: Invisible         |     3 |       ||     3
       Petrified         |     1 |       ||     1
       Paralysed         |       |     1 ||     1
  Eat: Chunk             |       |     2 ||     2
Armor: Leather armour    |    38 |    32 ||    70
       Ring mail         |       |    11 ||    11
Dodge: Dodged            |    71 |    59 ||   130

Table legend:
 A = Non-vault XP
 B = Vault XP
 C = Vault XP percentage of total XP
 D = Non-vault monster count
 E = Vault monster count
 F = Vault count percentage of total count
                 A         B        C        D         E       F
            +---------+---------+-------+---------+---------+-------
      Total |     124 |       0 |   0.0 |      57 |       0 |   0.0
            +---------+---------+-------+---------+---------+-------
        D:1 |      50 |       0 |   0.0 |      30 |       0 |   0.0
        D:2 |      42 |       0 |   0.0 |      21 |       0 |   0.0
        D:3 |      32 |       0 |   0.0 |       6 |       0 |   0.0
            +---------+---------+-------+---------+---------+-------
